 Dungeon Sprint DCSS version 0.28.0 (webtiles) character file.

Game seed: 12811794079063303839

4 rocky1 the Digger (level 1, 0/10 HPs)
             Began as a Gargoyle Earth Elementalist on Feb 9, 2022.
             Was an Initiate of Sif Muna.
             Slain by a quokka (4 damage)
             ... in the Dungeon (Sprint VII: "The Pits").
             The game lasted 00:00:47 (195 turns).

rocky1 the Digger (Gargoyle Earth Elementalist)      Turns: 195, Time: 00:00:47

Health: 0/10       AC:  4    Str: 11    XL:     1   Next: 70%
Magic:  3/3        EV: 11    Int: 15    God:    Sif Muna [......]
Gold:   0          SH:  0    Dex: 10    Spells: 3/4 levels left

rFire   . . .      SeeInvis .   l - +2 quarterstaff
rCold   . . .      Faith    .   (shield currently unavailable)
rNeg    + . .      Spirit   .   b - +0 robe
rPois   ∞          Reflect  .   (no helmet)
rElec   +          Harm     .   (no cloak)
rCorr   .          Rampage  .   (no gloves)
Will    .....      NoTele   +   (no boots)
Stlth   ++........              (no amulet)
HPRegen 0.03/turn               (no ring)
MPRegen 0.08/turn               (no ring)

@: no status effects
A: sickness immunity, AC +2, negative energy resistance 1, electricity
resistance, torment resistance 1, petrification resistance
a: Renounce Religion


You were in the Dungeon.
You worshipped Sif Muna.
Sif Muna was noncommittal.
You visited 1 branch

Inventory:

Hand Weapons
 l - a +2 quarterstaff (weapon)
Missiles
 i - 37 stones
Armour
 b - a +0 robe (worn)
Scrolls
 h - a scroll of blinking
 j - 5 scrolls of amnesia
 k - a scroll of summoning
Potions
 a - 2 potions of invisibility
 c - a potion of curing
 d - a potion of heal wounds
 e - a potion of haste
 f - 4 potions of magic
 g - 3 potions of berserk rage


   Skills:
 - Level 1.5 Dodging
 - Level 2.1 Stealth
 - Level 2.0 Spellcasting
 - Level 0.7 Transmutations
 + Level 5.4 Earth Magic


You had 3 spell levels left.
You knew the following spells:

 Your Spells              Type           Power      Damage    Failure   Level
a - Sandblast             Erth           34%        2d9       2%          1

Your spell library contained the following spells:

 Spells                   Type           Power      Damage    Failure   Level
 Passwall                 Tmut/Erth      8%         N/A       10%         2
 Stone Arrow              Conj/Erth      18%        3d8       22%         3
 Petrify                  Tmut/Erth      10%        N/A       52%         4


Dungeon Overview and Level Annotations

Branches:
Dungeon (1/1)

Altars:
Ashenzari
Cheibriados
Dithmenos
Elyvilon
Fedhas
Gozag
Hepliaklqana
Kikubaaqudgha
Makhleb
Nemelex Xobeh
Okawaru
Qazlal
Ru
Sif Muna
Trog
Uskayaw
Vehumet
Wu Jian
Xom
Yredelemnul
Zin
The Shining One
Beogh
Jiyva
Lugonu


Innate Abilities, Weirdness & Mutations

You are immune to sickness and miasma.
Your stone body is resilient. (AC +2)
You are immune to poison.
You resist negative energy. (rN+)
You are resistant to electric shocks. (rElec)
You are resistant to unholy torment.
You are immune to petrification.


Message History

g - 3 potions of berserk rage (gained 2)
a - 2 potions of invisibility
i - 37 stones (gained 10)
j - 5 scrolls of amnesia;
k - a scroll of summoning You see here 2 scrolls of vulnerability.
You see here 2 scrolls of vulnerability.
There is an open door here.
Things that are here:
a +2 mace of protection; a +2 hand axe
Things that are here:
a +2 falchion; a +2 dagger
Things that are here:
a +2 quarterstaff; a +2 trident
l - a +2 quarterstaff
l - a +2 quarterstaff (weapon)
There is an open door here.
You open the door.
A quokka comes into view.
There is an open door here.
The helpless quokka fails to defend itself.
You sock the quokka!
You kill the quokka!
Sif Muna accepts your kill.
Your Earth Magic skill increases to level 5!
No target in view!
No target in view!
You open the door. 2 quokkas come into view.
There is an open door here.
The helpless quokka fails to defend itself.
You sock the quokka!
You kill the quokka!
Sif Muna accepts your kill. The quokka bites you.
You closely miss the quokka.
The quokka bites you but does no damage.
The quokka barely misses you.
You closely miss the quokka. The quokka misses you.
You barely miss the quokka. The quokka bites you. x2
You die...

_________.#
_______...###########++
##########'##...........
#.?..')))'.##......#..#.
##########.##...........
#..........)'...........
#+#####'#####......#..#.
#..#..##...........
+..'@r#####'#####++
####+###.......#
#.......# #.......#
#...<...# #.......#
#.......# #.......#
#########


You could see a quokka.

Vanquished Creatures
  An orc (D)
  2 quokkas (D)
3 creatures vanquished.

Notes
Turn   | Place    | Note
-------+----------+-------------------------------------------
     0 | D        | rocky1 the Gargoyle Earth Elementalist began the quest for
                  | the Orb.
     0 | D        | Reached XP level 1. HP: 10/10 MP: 3/3
    22 | D        | Reached skill level 4 in Earth Magic
   138 | D        | Found a bloodstained altar of Trog.
   138 | D        | Found a shimmering blue altar of Sif Muna.
   138 | D        | Found a viscous altar of Jiyva.
   138 | D        | Found a hazy altar of Hepliaklqana.
   138 | D        | Found an opulent altar of Gozag.
   139 | D        | Found a glowing golden altar of the Shining One.
   139 | D        | Found a glowing silver altar of Zin.
   139 | D        | Found a basalt altar of Yredelemnul.
   139 | D        | Found a shimmering altar of Xom.
   139 | D        | Found an ornate altar of the Wu Jian Council.
   139 | D        | Found a sacrificial altar of Ru.
   139 | D        | Found a stormy altar of Qazlal.
   139 | D        | Found an iron altar of Okawaru.
   139 | D        | Found a sparkling altar of Nemelex Xobeh.
   139 | D        | Found a burning altar of Makhleb.
   139 | D        | Found a blossoming altar of Fedhas.
   139 | D        | Found a white marble altar of Elyvilon.
   139 | D        | Found a shadowy altar of Dithmenos.
   139 | D        | Found a snail-covered altar of Cheibriados.
   142 | D        | Found a corrupted altar of Lugonu.
   142 | D        | Found a radiant altar of Vehumet.
   143 | D        | Found an ancient bone altar of Kikubaaqudgha.
   143 | D        | Found a hide-covered altar of Uskayaw.
   143 | D        | Found a broken altar of Ashenzari.
   144 | D        | Became a worshipper of Sif Muna the Loreminder
   188 | D        | Reached skill level 5 in Earth Magic
   195 | D        | Slain by a quokka

Illustrated notes

Levels and vault maps discovered:
D:        pitsprint [storerooms_1, entrance_room_1, metal_vault_2, armoury_1,
          mini_pit_1, grid_room_1, main_hall_1, silver_pit, the_coven_3,
          the_vestibule_1, steel_vault_5, golden_pit, hallway_of_sentries,
          crystal_vault_6, iron_vault_2, final_vault]

Skill      XL: |  1 |
---------------+----+-----
Earth Magic    | 5 |  5.4
Dodging        | |  1.5
Stealth        | |  2.1
Spellcasting   | |  2.0
Transmutations | |  0.7

Action                   || total
-------------------------++-------
Melee: Quarterstaff      ||     5
 Cast: Sandblast         ||     3
 Stab: Sleeping          ||     2
Armor: Robe              ||     1
Dodge: Dodged            ||     2
